[Event "Titled Tuesday Blitz March 29 Early 2022"]
[White "Fedoseev, Vladimir"]
[Black "Salinas Herrera, Pablo"]
[WhiteFideId "24130737"]
[BlackFideId "3407128"]
[WhiteElo "2726"]
[BlackElo "2541"]
[Result "0-1"]
[Round "10"]
[TimeControl "180+1"]
[Date "2022.03.29"]
[WhiteClock "0:00:17"]
[BlackClock "0:00:04"]

1. e4 c5 2. Nf3 e6 3. d4 cxd4 4. Nxd4 a6 5. Bd3 Bc5 6. Nb3 Ba7 7. Qg4 Nf6 8. Qg3 d6 9. Nc3 Nc6 10. Be3 O-O 11. Bxa7 Rxa7 12. Rd1 b5 13. O-O e5 14. Qe3 Be6 15. Nd5 Rd7 16. c4 Bxd5 17. cxd5 Na5 18. Nd2 Qb8 19. b4 Nc4 20. Bxc4 bxc4 21. Rb1 Rc8 22. Rfc1 Qb5 23. Rb2 Rdc7 24. Qc3 Nd7 25. Rbc2 Nb6 26. Nb1 Na4 27. Qe1 c3 28. a3 Qd3 29. f3 f5 30. Kf2 fxe4 31. Qxe4 Qxe4 32. fxe4 Rc4 33. Ke3 Kf7 34. Rf2+ Ke7 35. Rcc2 Rd4 36. Rfe2 Rd1 37. Nd2 Rxd2 38. Rcxd2 cxd2 39. Kxd2 Rc4 40. Re3 Rd4+ 41. Kc2 Nb6 42. Kc3 Nc4 43. Re2 Nxa3 44. Kb3 Nb5 45. Re3 h5 46. Ka4 Nc7 47. Ka5 g5 48. h3 Kd7 49. g3 Kc8 50. g4 hxg4 51. hxg4 Kb7 52. Re1 Rd3 53. Ka4 Nb5 54. Ra1 Kb6 0-1


[Site "https://www.chess.com"]

[Event "Titled Tuesday Blitz March 29 Early 2022"]
[White "Fier, Alexandr"]
[Black "Pranav, V"]
[WhiteFideId "2107139"]
[BlackFideId "25060783"]
[WhiteElo "2571"]
[BlackElo "2349"]
[Result "0-1"]
[Round "10"]
[TimeControl "180+1"]
[Date "2022.03.29"]
[WhiteClock "0:01:54"]
[BlackClock "0:02:02"]

1. d4 Nf6 2. c4 e6 3. Nc3 Bb4 4. e3 O-O 5. Ne2 d5 6. a3 Be7 7. cxd5 exd5 8. Nf4 c6 9. Bd3 Re8 10. O-O Bd6 11. Bc2 Nbd7 12. f3 Nf8 13. e4 c5 14. Ncxd5 Nxd5 15. Nxd5 cxd4 16. Qxd4 Ne6 17. Qd1 Bd7 18. Kh1 Qh4 19. f4 Rad8 20. Qf3 Nd4 21. Qc3 Bb5 22. Qxd4 Bxf1 23. Bd2 Bb5 24. Bc3 Qh6 25. Qf2 Bc6 26. Rd1 Bxd5 27. Rxd5 Bxf4 28. Qxa7 Qxh2# 0-1


[Site "https://www.chess.com"]

[Event "Titled Tuesday Blitz March 29 Early 2022"]
[White "Fiol, Fabrice"]
[Black "Korchmar, Vasiliy"]
[WhiteFideId "611670"]
[BlackFideId "24131750"]
[WhiteElo "2435"]
[BlackElo "2370"]
[Result "0-1"]
[Round "10"]
[TimeControl "180+1"]
[Date "2022.03.30"]
[WhiteClock "0:01:03"]
[BlackClock "0:01:09"]

1. e4 c5 2. Nf3 d6 3. d4 cxd4 4. Nxd4 Nf6 5. Nc3 Nc6 6. Bg5 Bd7 7. Qd2 a6 8. f3 e6 9. O-O-O Nxd4 10. Qxd4 Be7 11. h4 b5 12. Qd2 O-O 13. g4 Qc7 14. h5 h6 15. Bf4 b4 16. Ne2 Rfc8 17. Kb1 e5 18. Be3 Be6 19. Ng3 d5 20. Bd3 d4 21. Bxh6 gxh6 22. Qxh6 Nh7 23. Nf5 Bxf5 24. gxf5 Bg5 25. Rhg1 Qd8 26. f4 exf4 27. e5 Kh8 28. Qb6 Qxb6 0-1


[Site "https://www.chess.com"]

[Event "Titled Tuesday Blitz March 29 Early 2022"]
[White "Gaehwiler, Gabriel"]
[Black "Heinemann, Josefine"]
[WhiteFideId "1314530"]
[BlackFideId "12900460"]
[WhiteElo "2383"]
[BlackElo "2300"]
[Result "1-0"]
[Round "10"]
[TimeControl "180+1"]
[Date "2022.03.29"]
[WhiteClock "0:00:13"]
[BlackClock "0:00:07"]

1. d4 d5 2. c4 c6 3. Nf3 c5 4. dxc5 dxc4 5. Qxd8+ Kxd8 6. e4 e6 7. Be3 Nd7 8. c6 bxc6 9. Bxc4 Ngf6 10. Nbd2 Bb4 11. Ke2 a5 12. Rhc1 Ba6 13. Bxa6 Rxa6 14. Rc4 Kc7 15. Rac1 Kb7 16. h3 h6 17. Nb3 Rc8 18. Bd4 Be7 19. Nfd2 a4 20. Nc5+ Nxc5 21. Bxc5 Bxc5 22. Rxc5 Rb6 23. R1c2 Nd7 24. R5c3 c5 25. Nc4 Ra6 26. Rd3 Rc7 27. Nd6+ Kb8 28. Nxf7 Nf6 29. Nd6 Rb6 30. Nc4 Rb4 31. f3 Nd7 32. Rdc3 Kb7 33. Ke3 Ka6 34. Rd2 Nb6 35. Ne5 c4 36. f4 Ka7 37. g4 Nc8 38. h4 Rb6 39. Nxc4 Rbc6 40. Rdc2 Ne7 41. Ne5 Rxc3+ 42. Rxc3 Rb7 43. Rc4 Rxb2 44. Rxa4+ Kb8 45. Nd3 Rh2 46. Rb4+ Kc7 47. h5 Rh3+ 48. Kd4 Nc6+ 49. Kc4 Nxb4 50. Nxb4 Rg3 51. Kd4 Rxg4 52. Ke5 Rh4 53. Nd3 Rxh5+ 54. Kxe6 Ra5 55. Kf7 h5 56. e5 h4 57. e6 h3 58. e7 Ra8 59. e8=Q Rxe8 60. Kxe8 h2 61. Nf2 Kd6 62. a4 Kd5 63. a5 Kd4 64. a6 Ke3 65. Nh1 Kf3 66. a7 Kg2 67. a8=Q+ Kg1 68. Qf3 1-0


[Site "https://www.chess.com"]

[Event "Titled Tuesday Blitz March 29 Early 2022"]
[White "Gatterer, Florian"]
[Black "Smietanska, Wiktoria"]
[WhiteFideId "811688"]
[BlackFideId "21869359"]
[WhiteElo "2218"]
[BlackElo "1893"]
[Result "1-0"]
[Round "10"]
[TimeControl "180+1"]
[Date "2022.03.30"]
[WhiteClock "0:00:12"]
[BlackClock "0:00:03"]

1. f4 d5 2. Nf3 c5 3. e3 Nc6 4. Be2 Nf6 5. O-O e6 6. d3 Bd6 7. Nc3 O-O 8. e4 d4 9. Nb5 Bb8 10. a4 a6 11. Na3 Bc7 12. Nc4 Rb8 13. Bd2 b5 14. axb5 axb5 15. Nce5 Nxe5 16. fxe5 Nd7 17. Bg5 Qe8 18. c3 Nxe5 19. cxd4 Nxf3+ 20. Bxf3 cxd4 21. Qc2 Bb6 22. Qd2 Bd7 23. Qb4 f6 24. Bd2 e5 25. Ra6 Qc8 26. Rfa1 Qb7 27. Qd6 Rfd8 28. Bb4 Bc6 29. Qe6+ Kh8 30. Qh3 Ra8 31. Rxa8 Rxa8 32. Rxa8+ Qxa8 33. Qe6 h6 34. Kf2 Qe8 35. Qd6 Qd7 36. Qf8+ Kh7 37. h3 Qe8 38. Qd6 Qd7 39. Qb8 Qc7 40. Qf8 Qd8 41. Qf7 Qc7 42. Qh5 Bd7 43. Bg4 Bxg4 44. Qxg4 Qc2+ 45. Kg1 Qc1+ 46. Kh2 Qf4+ 47. Qxf4 exf4 48. Bd6 g5 49. Kg1 Kg6 50. Kf2 f5 51. Kf3 Ba5 52. Bb8 Bb6 53. Bd6 Ba7 54. Bc7 Kf6 55. Bd6 Ke6 56. Bc7 Bc5 57. Bb8 Bb6 58. g3 fxg3 59. exf5+ Kxf5 60. Bxg3 Bc5 61. Bc7 1-0


[Site "https://www.chess.com"]

[Event "Titled Tuesday Blitz March 29 Early 2022"]
[White "Golubev, Mikhail"]
[Black "Jarocka, Liwia"]
[WhiteFideId "14100983"]
[BlackFideId "21807558"]
[WhiteElo "2374"]
[BlackElo "1896"]
[Result "0-1"]
[Round "10"]
[TimeControl "180+1"]
[Date "2022.03.30"]
[WhiteClock "0:00:03"]
[BlackClock "0:00:04"]

1. d4 c5 2. dxc5 Qa5+ 3. Nc3 Qxc5 4. e4 d6 5. Be3 Qc7 6. Qd2 a6 7. O-O-O Nc6 8. Nd5 Qd7 9. Nb6 Qe6 10. Bc4 Qxe4 11. Bd5 Qg6 12. Nxa8 Nf6 13. Nb6 Bg4 14. Bxc6+ bxc6 15. Qc3 c5 16. f3 Be6 17. Bxc5 Qxg2 18. Bd4 g6 19. Qc6+ Kd8 20. Qa8+ Kc7 21. Qxa6 Bh6+ 22. Kb1 Rb8 23. Na8+ Kd8 24. Bb6+ Ke8 25. Nc7+ Kf8 26. Nxe6+ fxe6 27. Ne2 Rxb6 28. Qxb6 Qxe2 29. a4 Nd5 30. Qb8+ Kf7 31. Rxd5 exd5 32. Qb3 e6 33. a5 Be3 34. Qb7+ Kf6 35. a6 Qf2 36. Rd1 h5 37. Rd3 Ba7 38. Rc3 Bd4 39. Rc7 Kg5 40. Rf7 Qe1+ 41. Ka2 Qa5+ 42. Kb3 Qc5 0-1


[Site "https://www.chess.com"]

[Event "Titled Tuesday Blitz March 29 Early 2022"]
[White "Goryachkina, Aleksandra"]
[Black "Rustemov, Alexander"]
[WhiteFideId "4147103"]
[BlackFideId "4119002"]
[WhiteElo "2426"]
[BlackElo "2755"]
[Result "1/2-1/2"]
[Round "10"]
[TimeControl "180+1"]
[Date "2022.03.29"]
[WhiteClock "0:00:04"]
[BlackClock "0:00:03"]

1. e4 e6 2. d4 d5 3. Nd2 dxe4 4. Nxe4 Bd7 5. Nf3 Bc6 6. Bd3 Nd7 7. O-O Ngf6 8. Nxf6+ Qxf6 9. Re1 Bxf3 10. Qxf3 Qxf3 11. gxf3 Be7 12. Bf4 c6 13. Rad1 Nf6 14. c4 Rd8 15. Be5 O-O 16. a3 Rd7 17. b4 Rfd8 18. Bc2 Nh5 19. Kf1 Bd6 20. d5 cxd5 21. cxd5 Bxe5 22. Rxe5 Nf6 23. Bb3 Nxd5 24. Bxd5 Rxd5 25. Rexd5 Rxd5 26. Rc1 g5 27. Rc7 Rb5 28. Ke2 a6 29. Kd3 b6 30. Rc6 Rd5+ 31. Ke3 Re5+ 32. Kd3 Rf5 33. Ke3 Rb5 34. Kd3 Kg7 35. Kc4 Rf5 36. Rxb6 Rxf3 37. Rxa6 Rxf2 38. b5 Rb2 39. b6 f5 40. Kc3 Rb1 41. Kc2 Rb5 42. a4 Rb4 43. Kc3 Rb1 44. Kc2 Rb4 45. Kc3 Rb1 46. Kc2 Rb4 1/2-1/2


[Site "https://www.chess.com"]

[Event "Titled Tuesday Blitz March 29 Early 2022"]
[White "Gracia Alvarez, Gerardo Antonio"]
[Black "Al-Tarboush, Ward"]
[WhiteFideId "5109124"]
[BlackFideId "7601450"]
[WhiteElo "2139"]
[BlackElo "2276"]
[Result "1-0"]
[Round "10"]
[TimeControl "180+1"]
[Date "2022.03.30"]
[WhiteClock "0:01:32"]
[BlackClock "0:00:56"]

1. e4 e6 2. d4 d5 3. e5 c5 4. c3 Nc6 5. Nf3 Qb6 6. Bd3 Bd7 7. O-O cxd4 8. Re1 dxc3 9. Nxc3 Nge7 10. Be3 Qd8 11. Bg5 h6 12. Nb5 Qb6 13. Be3 d4 14. Nfxd4 Nd5 15. Nxe6 Nxe3 16. Nec7+ Kd8 17. Rxe3 Rc8 18. e6 fxe6 19. Nxe6+ Bxe6 20. Rxe6 Bc5 21. Bf5+ Bd4 22. Nxd4 1-0


[Site "https://www.chess.com"]

[Event "Titled Tuesday Blitz March 29 Early 2022"]
[White "Grebeniuk, Semen"]
[Black "Zhao, Jun"]
[WhiteFideId "14117509"]
[BlackFideId "8602522"]
[WhiteElo "2234"]
[BlackElo "2547"]
[Result "0-1"]
[Round "10"]
[TimeControl "180+1"]
[Date "2022.03.29"]
[WhiteClock "0:00:14"]
[BlackClock "0:01:29"]

1. d4 Nf6 2. Nf3 g6 3. c3 Bg7 4. Bg5 O-O 5. Nbd2 c5 6. e3 d6 7. Be2 b6 8. a4 Ba6 9. Bxa6 Nxa6 10. O-O Nc7 11. Qb3 Rb8 12. Rfd1 cxd4 13. cxd4 h6 14. Bh4 g5 15. Bg3 Nh5 16. Rac1 Qd7 17. Rc2 Rfc8 18. Rdc1 Ne8 19. Qb5 Rxc2 20. Rxc2 Qxb5 21. axb5 f5 22. Rc6 Kf7 23. Kf1 Ke6 24. Be5 Nhf6 25. Ke2 Kd7 26. Bxf6 Nxf6 27. Kd3 Nd5 28. Kc4 e6 29. Nb1 Ne7 30. Nc3 Nxc6 31. bxc6+ Kxc6 32. Ne1 d5+ 33. Kb3 Bf8 34. Nd3 Bd6 35. h3 h5 36. Ne2 h4 37. Ne5+ Bxe5 38. dxe5 Kd7 39. Nd4 Rc8 40. Nb5 a6 41. Nd4 Rc1 42. Nf3 Rf1 43. Nxg5 Rxf2 44. Nf3 Rxg2 45. Nxh4 Rg3 46. Kc2 Rxh3 47. Ng6 Rxe3 48. Kd2 Re4 0-1


[Site "https://www.chess.com"]

[Event "Titled Tuesday Blitz March 29 Early 2022"]
[White "Gurevich, Dmitry"]
[Black "Jaskolka, Tomasz"]
[WhiteFideId "2000407"]
[BlackFideId "1170791"]
[WhiteElo "2506"]
[BlackElo "2073"]
[Result "0-1"]
[Round "10"]
[TimeControl "180+1"]
[Date "2022.03.30"]
[WhiteClock "0:00:19"]
[BlackClock "0:00:42"]

1. d4 Nf6 2. c4 c5 3. Nf3 cxd4 4. Nxd4 e5 5. Nb5 d5 6. cxd5 Bc5 7. N5c3 O-O 8. g3 Qb6 9. e3 Bg4 10. Be2 Bh3 11. g4 Na6 12. Rg1 h5 13. gxh5 Rad8 14. Rg3 Bf5 15. Kf1 Nb4 16. Na4 Qa5 17. Nxc5 Rxd5 18. Qxd5 Nfxd5 19. Nb3 Qc7 20. Na3 Nc2 21. Nxc2 Qxc2 22. h6 g6 23. Bd2 Qxb2 24. f3 Nc3 25. Bc1 Qxe2+ 0-1


[Site "https://www.chess.com"]

[Event "Titled Tuesday Blitz March 29 Early 2022"]
[White "Hakobyan, Aram"]
[Black "Nakamura, Hikaru"]
[WhiteFideId "13306677"]
[BlackFideId "2016192"]
[WhiteElo "2557"]
[BlackElo "2850"]
[Result "0-1"]
[Round "10"]
[TimeControl "180+1"]
[Date "2022.03.29"]
[WhiteClock "0:00:02"]
[BlackClock "0:00:25"]

1. d4 Nf6 2. c4 e6 3. Nc3 Bb4 4. e3 O-O 5. Bd3 c5 6. Ne2 d5 7. a3 Bxc3+ 8. bxc3 dxc4 9. Bxc4 b6 10. O-O Qc7 11. Ba2 Ba6 12. Bb2 Rd8 13. Rc1 Nc6 14. c4 cxd4 15. exd4 Na5 16. d5 e5 17. Ng3 Bxc4 18. Nf5 Qd7 19. Nh6+ gxh6 20. Bxc4 Nxc4 21. Rxc4 Qxd5 22. Qc1 Rd6 23. Re1 Re8 24. Rc7 Ne4 25. Qe3 Nc5 26. Bxe5 Qxe5 27. Qg3+ Kf8 28. Rxf7+ Kxf7 29. Qf3+ Rf6 30. Qb7+ Nxb7 0-1


[Site "https://www.chess.com"]

[Event "Titled Tuesday Blitz March 29 Early 2022"]
[White "Hebden, Mark L"]
[Black "Coto Mederos, Michel"]
[WhiteFideId "400084"]
[BlackFideId "3508528"]
[WhiteElo "2457"]
[BlackElo "2427"]
[Result "1-0"]
[Round "10"]
[TimeControl "180+1"]
[Date "2022.03.30"]
[WhiteClock "0:00:39"]
[BlackClock "0:00:01"]

1. d4 d5 2. Nf3 Nf6 3. c4 e6 4. Bg5 Be7 5. Nc3 h6 6. Bh4 b6 7. e3 Bb7 8. Rc1 O-O 9. cxd5 Nxd5 10. Nxd5 Bxd5 11. Bxe7 Qxe7 12. Bc4 Bb7 13. O-O Nd7 14. Bb5 Qd6 15. Bxd7 Qxd7 16. Ne5 Qd5 17. Qf3 Qxf3 18. gxf3 f6 19. Nc6 Rf7 20. Rc3 a5 21. Rfc1 Re8 22. f4 g5 23. fxg5 hxg5 24. b4 axb4 25. Nxb4 Ree7 26. Nc6 Rd7 27. a4 Rh7 28. a5 bxa5 29. Rb1 Bxc6 30. Rxc6 g4 31. Rxe6 Kf7 32. Rc6 Kg6 33. Rb5 Rh5 34. Rxh5 Kxh5 35. Rc5+ Kh4 36. Rxa5 Rd6 37. Kg2 Re6 38. Rf5 c6 39. Rf4 Kg5 40. Kg3 f5 41. h3 gxh3 42. Kxh3 Rd6 43. Kg3 Rd5 44. Rh4 c5 45. dxc5 Rxc5 46. Rh8 Ra5 47. Re8 Kf6 48. Rf8+ Kg5 49. Kf3 Ra4 50. Re8 Rb4 51. Re5 Kf6 52. Ra5 Rc4 53. Kg3 Rb4 54. Ra6+ Kf7 55. f3 Rc4 56. Rd6 Rb4 57. Rd4 Rb5 58. Kf4 Ke6 59. Rc4 Rb6 60. Kg5 Ra6 61. Rc5 Ra3 62. Rxf5 Rxe3 63. Rf8 Ke7 64. Rf4 Ra3 65. Kg6 1-0


[Site "https://www.chess.com"]

[Event "Titled Tuesday Blitz March 29 Early 2022"]
[White "Hua, Lefong"]
[Black "Buscar, Michael"]
[WhiteFideId "2602253"]
[BlackFideId "2603616"]
[WhiteElo "2601"]
[BlackElo "2010"]
[Result "1-0"]
[Round "10"]
[TimeControl "180+1"]
[Date "2022.03.30"]
[WhiteClock "0:00:31"]
[BlackClock "0:00:46"]

1. d4 d5 2. c4 e6 3. Nc3 a6 4. cxd5 exd5 5. Qb3 Nf6 6. Bg5 c6 7. e3 Be7 8. Bd3 O-O 9. Nge2 Nbd7 10. O-O Re8 11. Qc2 Nf8 12. f3 g6 13. Bh4 Ne6 14. Bf2 Ng7 15. Rad1 Bf5 16. e4 Be6 17. e5 Nd7 18. Ng3 f5 19. f4 Bf7 20. Nge2 Ne6 21. Be3 a5 22. g4 fxg4 23. f5 gxf5 24. Bxf5 Ndf8 25. Bxh7+ Kg7 26. Bh6+ Kxh6 27. Rxf7 Bg5 28. Ng3 Be3+ 29. Kh1 Qg5 30. Nf5+ Kh5 31. Nd6 Re7 32. Rf5 Rxh7 33. Rxg5+ Bxg5 34. Ne2 Ng6 35. Ng3+ Kh4 36. Ndf5+ Kh3 37. Qg2# 1-0


[Site "https://www.chess.com"]

[Event "Titled Tuesday Blitz March 29 Early 2022"]
[White "Iljin, Timofey"]
[Black "Lauridsen, Jesper Morch"]
[WhiteFideId "14110180"]
[BlackFideId "1401890"]
[WhiteElo "2396"]
[BlackElo "2332"]
[Result "1-0"]
[Round "10"]
[TimeControl "180+1"]
[Date "2022.03.30"]
[WhiteClock "0:00:17"]
[BlackClock "0:00:07"]

1. e4 c5 2. c3 Nf6 3. e5 Nd5 4. d4 cxd4 5. cxd4 d6 6. Nf3 e6 7. Bc4 Nc6 8. O-O Be7 9. exd6 Bxd6 10. Nc3 Nxc3 11. bxc3 O-O 12. Bd3 b6 13. Bxh7+ Kxh7 14. Ng5+ Kg6 15. Qf3 Bb7 16. Qd3+ f5 17. Nxe6 Qh4 18. Nxf8+ Rxf8 19. f4 Qf6 20. Rf3 Na5 21. Rh3 Be4 22. Qg3+ Kf7 23. Be3 Nc4 24. Re1 Re8 25. Bf2 g5 26. Qxg5 Qxg5 27. fxg5 Rg8 28. Rh7+ Ke8 29. Rxa7 Rxg5 30. Bg3 Bxg3 31. hxg3 Rxg3 32. Re2 Ne3 33. Kf2 Rxg2+ 34. Kxe3 f4+ 35. Kxe4 Rxe2+ 36. Kxf4 Rc2 37. Ra3 Kd7 38. Ke4 Kc6 39. Kd3 Rc1 40. c4 Rh1 41. Rb3 Rh2 42. a3 Rh3+ 43. Kc2 Rh2+ 44. Kc3 Rh3+ 45. Kb4 Rh4 46. d5+ Kb7 47. Rg3 Rh1 48. Rg7+ Ka6 49. d6 Rb1+ 50. Kc3 Rd1 51. d7 b5 52. c5 Ka5 53. c6 b4+ 54. axb4+ Kb6 55. Rg6 Kc7 56. Kc4 Rc1+ 57. Kb5 Ra1 58. Rg8 1-0


[Site "https://www.chess.com"]

[Event "Titled Tuesday Blitz March 29 Early 2022"]
[White "Ilyasli, Ughur"]
[Black "Gabdrakhmanov, Azat"]
[WhiteFideId "13416197"]
[BlackFideId "34189197"]
[WhiteElo "2045"]
[BlackElo "2279"]
[Result "0-1"]
[Round "10"]
[TimeControl "180+1"]
[Date "2022.03.30"]
[WhiteClock "0:00:02"]
[BlackClock "0:00:18"]

1. d4 Nf6 2. c4 g6 3. Nc3 Bg7 4. e4 O-O 5. Nge2 d6 6. Ng3 Nc6 7. d5 Ne5 8. Be2 c6 9. f4 Ned7 10. O-O cxd5 11. cxd5 h5 12. h3 Nc5 13. Bf3 h4 14. Nh1 e6 15. dxe6 Bxe6 16. Qe1 Nd3 17. Qxh4 Qb6+ 18. Nf2 Nd7 19. Kh1 Nxc1 20. Raxc1 Qxb2 21. f5 Bc4 22. Ng4 Bxf1 23. Nd5 Bxg2+ 24. Bxg2 Qxc1+ 25. Kh2 Rfe8 26. f6 Bf8 27. Nde3 Re5 28. Qf2 Rae8 29. Qf4 Rh5 30. Kg3 Ne5 0-1


[Site "https://www.chess.com"]

[Event "Titled Tuesday Blitz March 29 Early 2022"]
[White "Isanzhulov, Arystan"]
[Black "volunteers1998"]
[WhiteFideId "13711644"]
[WhiteElo "2296"]
[BlackElo "2310"]
[Result "1-0"]
[Round "10"]
[TimeControl "180+1"]
[Date "2022.03.30"]
[WhiteClock "0:00:13"]
[BlackClock "0:00:01"]

1. g4 d5 2. Bg2 e5 3. c4 dxc4 4. h3 Nc6 5. Bxc6+ bxc6 6. Qc2 Be6 7. Nf3 Bd6 8. Na3 Bxa3 9. bxa3 f6 10. a4 Ne7 11. Ba3 O-O 12. O-O Qd7 13. Rab1 Bxg4 14. hxg4 Qxg4+ 15. Kh1 Qh3+ 16. Nh2 Qxa3 17. Qxc4+ Kh8 18. Rb3 Qd6 19. Qh4 Qxd2 20. Rh3 h6 21. Ng4 Nf5 22. Qh5 Qc2 23. Rg1 Rad8 24. e4 Qxe4+ 25. f3 Qc2 26. Rh2 Rd2 27. Rxd2 Qxd2 28. Qxf5 Rd8 29. Nxf6 Qd3 30. Qg4 g5 31. Ne4 Rf8 32. Rg3 Qd1+ 33. Kg2 Qe2+ 34. Nf2 Kg7 35. Qd7+ Rf7 36. Qxc6 e4 37. Qxe4 Qxe4 38. Nxe4 Rd7 39. f4 Rd4 40. Nc5 Kf6 41. fxg5+ hxg5 42. a3 Rc4 43. Na6 Rxa4 44. Nxc7 g4 45. Re3 Kf5 46. Kg3 Rf4 47. Nb5 Rf1 48. Nxa7 Rg1+ 49. Kf2 Rh1 50. Nc6 Rh2+ 51. Kg3 Ra2 52. Nd4+ Kf6 53. Kxg4 Kf7 54. Kf5 1-0


[Site "https://www.chess.com"]

[Event "Titled Tuesday Blitz March 29 Early 2022"]
[White "Iskusnyh, Sergei"]
[Black "Gu, Xiaobing"]
[WhiteFideId "4120027"]
[BlackFideId "8602611"]
[WhiteElo "2492"]
[BlackElo "2174"]
[Result "1-0"]
[Round "10"]
[TimeControl "180+1"]
[Date "2022.03.30"]
[WhiteClock "0:01:42"]
[BlackClock "0:00:15"]

1. d4 Nf6 2. c4 e6 3. Nf3 d5 4. g3 Bb4+ 5. Bd2 Be7 6. Bg2 O-O 7. O-O Nbd7 8. Qc2 c6 9. a3 b6 10. cxd5 cxd5 11. Bb4 Ba6 12. Nc3 Rc8 13. Rfc1 Ne4 14. Qd1 Bb7 15. e3 a5 16. Bxe7 Qxe7 17. Nxe4 dxe4 18. Nd2 e5 19. Nxe4 exd4 20. Qxd4 Rfd8 21. Rxc8 Rxc8 22. Nd6 Bxg2 23. Nxc8 Qd8 24. Nxb6 Qxb6 25. Qxb6 Nxb6 26. Kxg2 Kf8 27. Rc1 Ke7 28. Rc6 Nd5 29. Ra6 1-0


[Site "https://www.chess.com"]

[Event "Titled Tuesday Blitz March 29 Early 2022"]
[White "Janaszak, Dawid"]
[Black "Pein, Jonathan"]
[WhiteFideId "1119206"]
[BlackFideId "417092"]
[WhiteElo "2199"]
[BlackElo "2140"]
[Result "1-0"]
[Round "10"]
[TimeControl "180+1"]
[Date "2022.03.30"]
[WhiteClock "0:00:21"]
[BlackClock "0:00:04"]

1. e4 e5 2. Ne2 d6 3. d4 exd4 4. Nxd4 Nf6 5. Nc3 g6 6. Bg5 Bg7 7. Qd2 h6 8. Bh4 O-O 9. O-O-O Re8 10. Qd3 Nbd7 11. f3 Nc5 12. Qe3 g5 13. Be1 Qe7 14. h4 g4 15. Kb1 a6 16. h5 b5 17. Bh4 b4 18. Nce2 Qe5 19. Nc6 Qe6 20. Nf4 Qd7 21. Nd4 Rb8 22. Bc4 Na4 23. Bb3 Nxb2 24. Kxb2 c5 25. Kb1 cxd4 26. Qxd4 Nxe4 27. fxe4 Bxd4 28. Rxd4 Bb7 29. Rhd1 Rxe4 30. Rxd6 Qf5 31. Ng6 Rbe8 32. Rd7 Bd5 33. R1xd5 Re1+ 34. Bxe1 Rxe1+ 35. Rd1 Qxd7 36. Rxe1 Kg7 37. Ne5 Qd2 38. Rf1 f6 39. Nxg4 Qxg2 40. Ne3 Qe2 41. Rg1+ Kf8 42. Nf5 Qf2 43. Rg8# 1-0


[Site "https://www.chess.com"]

[Event "Titled Tuesday Blitz March 29 Early 2022"]
[White "Jary, Sergey"]
[Black "Tan, Jun Ying"]
[WhiteFideId "14110350"]
[BlackFideId "5710413"]
[WhiteElo "2260"]
[BlackElo "1827"]
[Result "1-0"]
[Round "10"]
[TimeControl "180+1"]
[Date "2022.03.29"]
[WhiteClock "0:00:41"]
[BlackClock "0:00:02"]

1. e4 c5 2. Nf3 Nc6 3. d4 cxd4 4. Nxd4 Nf6 5. Nc3 d6 6. Be3 Ng4 7. Bb5 Nxe3 8. fxe3 Bd7 9. Bxc6 bxc6 10. O-O e6 11. e5 d5 12. Qf3 Qe7 13. b4 g6 14. b5 c5 15. e4 cxd4 16. exd5 Qc5 17. Qxf7+ Kd8 18. Qf6+ Kc7 19. d6+ Bxd6 20. exd6+ Qxd6 21. Rad1 Qc5 22. Ne4 Qxb5 23. Qxd4 Qd5 24. Qe3 Qc6 25. Nf6 Rhd8 26. Qe5+ Kc8 27. Nxd7 Rxd7 28. Rf8+ Kb7 29. Rb1+ Ka6 30. Qe2+ Ka5 31. Rxa8 Qc5+ 32. Kh1 Rd4 33. Rab8 a6 34. R8b3 Rc4 35. Qd2+ Ka4 36. c3 e5 37. Qd1 Ka5 38. Rb4 1-0


[Site "https://www.chess.com"]

[Event "Titled Tuesday Blitz March 29 Early 2022"]
[White "Johnson, Ben"]
[Black "Piliczewski, Bogusz"]
[WhiteFideId "2010917"]
[BlackFideId "1104144"]
[WhiteElo "2192"]
[BlackElo "1896"]
[Result "1-0"]
[Round "10"]
[TimeControl "180+1"]
[Date "2022.03.30"]
[WhiteClock "0:00:18"]
[BlackClock "0:00:03"]

1. Nf3 d5 2. e3 Nf6 3. c4 c6 4. Nc3 Bf5 5. cxd5 cxd5 6. Qb3 b6 7. Bb5+ Nbd7 8. Nxd5 Nxd5 9. Qxd5 Be6 10. Qh5 g6 11. Qh4 Bg7 12. O-O Bf6 13. Qg3 O-O 14. d4 Bd5 15. Bd3 Bxf3 16. Qxf3 e5 17. d5 Nc5 18. e4 Bg7 19. b4 Nxd3 20. Qxd3 Qd6 21. b5 Rac8 22. Ba3 Rc5 23. Bxc5 bxc5 24. Qc4 Rc8 25. a4 Bf8 26. a5 h5 27. Rfb1 Rb8 28. Rb3 Kg7 29. Rab1 Be7 30. b6 axb6 31. Rxb6 Rxb6 32. Rxb6 Qc7 33. g3 Bd8 34. d6 Qa7 35. Qxc5 Bxb6 36. Qxb6 Qa8 37. Qb4 f5 38. d7 Qd8 39. Qd6 fxe4 40. Qxe5+ Kh7 41. Qe8 Qxa5 42. Qf7+ Kh6 43. Qf4+ g5 44. Qxe4 Qc7 45. Qe6+ Kh7 46. Qe7+ Kh6 47. d8=Q Qc1+ 48. Kg2 Qc6+ 49. Kf1 Qc1+ 50. Qe1 Qc4+ 51. Kg1 g4 52. Qd6+ Kh7 53. Qee7+ Kg8 54. Qg6+ Kh8 55. Qgh7# 1-0


[Site "https://www.chess.com"]

[Event "Titled Tuesday Blitz March 29 Early 2022"]
[White "Kaminski, Victor"]
[Black "Obolentseva, Alexandra"]
[WhiteFideId "1131630"]
[BlackFideId "24153648"]
[WhiteElo "2181"]
[BlackElo "2113"]
[Result "0-1"]
[Round "10"]
[TimeControl "180+1"]
[Date "2022.03.30"]
[WhiteClock "0:00:01"]
[BlackClock "0:00:30"]

1. e4 c5 2. Nf3 d6 3. Bb5+ Nd7 4. O-O Nf6 5. Re1 a6 6. Bd3 g6 7. c4 Bg7 8. Nc3 O-O 9. Bc2 Rb8 10. d4 cxd4 11. Nxd4 Ne5 12. b3 Nc6 13. Bb2 Bd7 14. f3 Qb6 15. Na4 Qa7 16. Kh1 b5 17. Nxc6 Bxc6 18. cxb5 axb5 19. Nc3 Qf2 20. Qe2 Qh4 21. Rab1 Nh5 22. Qd2 Be5 23. g3 Nxg3+ 24. Kg2 Nh5 25. Kh1 Qh3 26. Qg2 Qxg2+ 27. Kxg2 Nf4+ 28. Kf1 b4 29. Ne2 Nxe2 30. Kxe2 Ra8 31. Bxe5 dxe5 32. Rb2 f5 33. Bd3 fxe4 34. fxe4 Rf4 35. Ke3 Raf8 36. Rc2 Rf3+ 37. Kd2 Bd7 38. Rc5 Bg4 39. Rb5 Rf2+ 40. Kc1 Rxa2 41. Bc4+ Kg7 42. Rxe5 Rff2 43. Rxe7+ Kf8 44. Rb7 Ra1# 0-1


[Site "https://www.chess.com"]

[Event "Titled Tuesday Blitz March 29 Early 2022"]
[White "Kamsky, Gata"]
[Black "Maghsoodloo, Parham"]
[WhiteFideId "2000024"]
[BlackFideId "12539929"]
[WhiteElo "2645"]
[BlackElo "2630"]
[Result "0-1"]
[Round "10"]
[TimeControl "180+1"]
[Date "2022.03.29"]
[WhiteClock "0:00:05"]
[BlackClock "0:00:48"]

1. d4 Nf6 2. Bf4 d5 3. e3 c5 4. c3 Nc6 5. Nd2 cxd4 6. exd4 Bf5 7. Ngf3 e6 8. Be2 h6 9. O-O Bd6 10. Bg3 O-O 11. a4 Nh5 12. Bxd6 Qxd6 13. g3 Nf6 14. Re1 Rfe8 15. Qb3 Rab8 16. Qa3 Qc7 17. Bf1 Nd7 18. a5 a6 19. Re3 Rbd8 20. Nb3 Be4 21. Nbd2 e5 22. Nxe4 exd4 23. Nxd4 Nxd4 24. cxd4 dxe4 25. Rc3 Qb8 26. Rac1 Nf6 27. Rc7 Nd5 28. R7c5 e3 29. Qb3 exf2+ 30. Kxf2 Qd6 31. Qxb7 Qf6+ 32. Kg1 Qxd4+ 33. Kh1 Ne3 34. Rc7 Rb8 35. Qf3 Rf8 36. Bxa6 Rxb2 37. Be2 Qd2 38. a6 Qxe2 39. Qxe2 Rxe2 40. Re7 Rc2 41. Rxc2 Nxc2 42. a7 Ra8 43. Rb7 Kh7 44. Rxf7 Nd4 45. Rb7 Nc6 46. Rb6 Ne7 47. Rb7 Nf5 48. Kg2 Kg6 49. Kf3 Kf6 50. Kf4 Nd6 51. Rb6 Ke6 52. Ra6 Kd7 53. Ke5 Re8+ 54. Kd5 Nb5 55. Kc5 Nc7 56. Rg6 Re7 57. Kb6 Kc8 58. Kc6 Na8 59. h4 Rxa7 60. Kd5 Kd8 61. g4 Ke8 62. g5 hxg5 63. hxg5 Kf7 64. Rc6 Nc7+ 65. Ke4 Ne6 0-1


[Site "https://www.chess.com"]